Rangers vs Blues

Created - January 20, 2020 at 19:18

Goals
1 2 3 T
Rangers 2 0 0 2
Blues 0 0 1 1
Shots
1 2 3 T
Rangers 10 8 10 28
Blues 12 6 12 30

1st period

1. Rangers , Tomas Hertl 5 (Gustav Nyquist 5, Chris Bourque 10) at 13:29
2. Rangers , Matt Greene 3 (Sean Couturier 15, Mark Fistric 8) at 19:55 (PP)

Penalties :
Matt Greene (NYR) for Tripping (Minor) at 0:58, Simon Gagné (STL) for Holding (Minor) at 7:15, Yann Sauvé (STL) for Hooking (Minor) at 19:02

2nd period

No Goal

Penalties :
Chris Bourque (NYR) for Slashing (Minor) at 7:08, Chris Bourque (NYR) for Tripping (Minor) at 9:19, Alex Pietrangelo (STL) for Boarding (Minor) at 15:33

3rd period

3. Blues , Sergei Shirokov 12 (Filip Forsberg 12, Jean-Gabriel Pageau 7) at 1:52

Penalties :
Yann Sauvé (STL) for Hooking (Minor) at 13:29

Goalie Stats

Frederik Andersen (NYR), 29 saves from 30 shots - (0.967), W, 17-9-2, 60:00 minutes
Carey Price (STL), 26 saves from 28 shots - (0.929), L, 11-15-4, 58:57 minutes

Players Stats for Rangers

Player Name              G  A  P  +/- PIM S  H  SB GA TA FO     MP     PP MP  PK MP  
------------------------------------------------------------------------------------
Alexei Emelin            0  0  0   0  0   0  0  1  0  0  0/0     5:24   0:45   0:15 
Cam Barker               0  0  0   0  0   1  2  2  0  0  0/0    25:16   3:55   3:18 
Chris Bourque            0  1  1   1  4   3  0  1  1  1  0/1    13:54   0:51   0:13 
Colten Teubert           0  0  0   0  0   1  0  2  0  0  0/0    12:11   0:50   0:00 
Gustav Nyquist           0  1  1   1  0   1  1  1  0  0  0/0    12:37   0:51   0:00 
Jakob Silfverberg        0  0  0   0  0   3  1  0  0  0  0/0    21:50   2:43   1:50 
James Neal               0  0  0   0  0   4  1  1  0  0  0/0    17:52   3:00   0:00 
Kyle Okposo              0  0  0   0  0   3  0  0  0  0  0/0    19:16   3:00   1:50 
Luke Schenn              0  0  0   0  0   1  1  1  1  1  0/0    23:55   3:55   3:19 
Magnus Paajarvi-Svensson 0  0  0  -1  0   0  0  0  0  1  0/0     6:05   0:16   0:54 
Mark Fistric             0  1  1   0  0   1  1  1  0  1  0/0    20:23   2:05   2:31 
Matt Greene              1  0  1   0  2   1  0  1  0  2  0/0    19:36   2:05   1:43 
Maxime Sauvé             0  0  0  -1  0   0  0  0  0  0  0/1     5:12   0:16   0:00 
Milan Lucic              0  0  0  -1  0   3  2  0  0  0  2/6    24:33   2:48   3:00 
Patrice Bergeron         0  0  0   0  0   1  1  2  1  0  14/22  22:46   2:43   3:00 
Patrik Nemeth            0  0  0   0  0   0  0  3  0  0  1/2    13:54   0:29   0:48 
Sean Couturier           0  1  1   0  0   3  1  0  1  0  8/11   16:43   3:00   0:00 
Tomas Hertl              1  0  1   1  0   2  1  0  1  0  5/8    12:33   0:38   1:07 

Players Stats for Blues

Player Name              G  A  P  +/- PIM S  H  SB GA TA FO     MP     PP MP  PK MP  
------------------------------------------------------------------------------------
Alex Pietrangelo         0  0  0   0  2   2  0  1  1  0  0/0    24:43   3:20   3:11 
Cody Ceci                0  0  0   0  0   1  1  0  0  0  0/0    15:07   0:00   4:17 
David Perron             0  0  0   0  0   1  4  2  1  0  0/1    18:48   2:52   1:46 
Dougie Hamilton          0  0  0   0  0   1  0  1  0  0  0/0    14:52   2:37   1:13 
Filip Forsberg           0  1  1   0  0   1  3  1  0  0  0/0    19:39   2:58   0:53 
Jake Gardiner            0  0  0   0  0   2  0  0  2  0  0/0    23:17   3:20   1:46 
Jean-Gabriel Pageau      0  1  1   0  0   4  1  0  1  0  5/13   19:57   2:52   1:16 
Jordan Eberle            0  0  0   0  0   1  2  1  0  2  2/3    22:30   2:58   4:08 
Linus Omark              0  0  0   0  0   4  1  0  0  0  0/1     6:52   0:00   0:00 
Nicklas Backstrom        0  0  0   0  0   0  4  0  0  0  8/22   18:02   2:58   0:54 
Riley Sheahan            0  0  0   0  0   4  1  0  0  0  3/6    12:50   0:00   4:03 
Ryan Strome              0  0  0   0  0   0  1  0  0  1  0/0    11:11   0:07   0:47 
Sergei Shirokov          1  0  1   0  0   5  0  0  0  0  0/0    18:32   2:52   0:00 
Shayne Gostisbehere      0  0  0   0  0   1  1  3  0  1  0/0    19:36   2:37   0:40 
Simon Gagné              0  0  0   0  2   1  2  0  1  0  0/0    10:18   0:07   0:34 
Steve Quailer            0  0  0   0  0   0  1  0  0  0  0/1     7:18   0:07   0:00 
Tomas Plekanec           0  0  0   0  0   1  3  0  0  0  3/4     8:47   0:00   0:06 
Yann Sauvé               0  0  0   0  4   1  2  0  0  1  0/0    20:47   0:00   1:46 

3 Stars

1 - Frederik Andersen (NYR)
2 - Tomas Hertl (NYR)
3 - Gustav Nyquist (NYR)

Power Play

Rangers - 1 on 4 Attempt(s) - 25.00%
Blues - 0 on 3 Attempt(s) - 0.00%

Penalty Kill

Rangers - 3 on 3 Attempt(s) - 100.00% - Score 0 goal in Penalty Kill
Blues - 3 on 4 Attempt(s) - 75.00% - Score 0 goal in Penalty Kill

Team Stat

Rangers - Hits : 12 - Faceoff Wins : 30 - Blocked Shots : 16 - Penalty Minutes : 6
Blues - Hits : 27 - Faceoff Wins : 21 - Blocked Shots : 9 - Penalty Minutes : 8

Official

Referees : Unknown
Linesman : Unknown

Game Notes

No Game Note

Finance

Level 1 -- Attendance: 5228 (87.13%) -- Ticket Income $575,080
Level 2 -- Attendance: 4155 (83.10%) -- Ticket Income $299,160
Level 3 -- Attendance: 1630 (81.50%) -- Ticket Income $73,350
Level 4 -- Attendance: 3557 (88.93%) -- Ticket Income $106,710
Luxury Box -- Attendance: 771 (77.10%) -- Ticket Income $154,200
Game was played at the Scotttrade center.
Total Attendance: 15341 (85.23%)
Total Ticket Income: $1,208,500
Other Income: $181,275
Total Income: $1,389,775

Rangers

5 vs 5 Forward 
   Center                   Left Wing                Right Wing               Time % Phy DF OF 
 1 Patrice Bergeron         Milan Lucic              Jakob Silfverberg        40     1   2  2  
 2 Sean Couturier           James Neal               Kyle Okposo              30     1   2  2  
 3 Tomas Hertl              Chris Bourque            Gustav Nyquist           20     1   2  2  
 4 Maxime Sauvé             Magnus Paajarvi-Svensson Milan Lucic              10     1   2  2  

5 vs 5 Defense 
   Defense                  Defense                                           Time % Phy DF OF 
 1 Cam Barker               Luke Schenn                                       40     1   2  2  
 2 Mark Fistric             Matt Greene                                       30     1   2  2  
 3 Colten Teubert           Patrik Nemeth                                     20     1   2  2  
 4 Alexei Emelin            Cam Barker                                        10     1   2  2  

PowerPlay Forward 
   Center                   Left Wing                Right Wing               Time % Phy DF OF 
 1 Patrice Bergeron         Milan Lucic              Jakob Silfverberg        60     1   2  2  
 2 Sean Couturier           James Neal               Kyle Okposo              40     1   2  2  

PowerPlay Defense
   Defense                  Defense                                           Time % Phy DF OF 
 1 Cam Barker               Luke Schenn                                       60     1   2  2  
 2 Mark Fistric             Matt Greene                                       40     1   2  2  

Penalty Kill 4 Players Forward 
   Center                   Wing                     Time % Phy DF OF 
 1 Milan Lucic              Patrice Bergeron         60     1   2  2  
 2 Jakob Silfverberg        Kyle Okposo              40     1   2  2  

Penalty Kill 4 Players Defense
   Defense                  Defense                  Time % Phy DF OF 
 1 Cam Barker               Luke Schenn              60     1   2  2  
 2 Mark Fistric             Matt Greene              40     1   2  2  

Penalty Kill - 3 Players Forward 
   Forward                                           Time % Phy DF OF 
 1 Milan Lucic                                       60     1   2  2  
 2 Patrice Bergeron                                  40     1   2  2  

Penalty Kill - 3 Players Defense
   Defense                  Defense                  Time % Phy DF OF 
 1 Cam Barker               Luke Schenn              60     1   2  2  
 2 Mark Fistric             Matt Greene              40     1   2  2  

4 vs 4 Forward 
   Center                   Wing                     Time % Phy DF OF 
 1 Milan Lucic              Patrice Bergeron         60     1   2  2  
 2 Jakob Silfverberg        Kyle Okposo              40     1   2  2  

4 vs 4 Defense
   Defense                  Defense                  Time % Phy DF OF 
 1 Cam Barker               Luke Schenn              60     1   2  2  
 2 Mark Fistric             Matt Greene              40     1   2  2  

Last Minutes Offensive
   Center                   Left Wing                Right Wing               Defense                  Defense                  
   Patrice Bergeron         Milan Lucic              Jakob Silfverberg        Cam Barker               Luke Schenn              

Last Minutes Defensive
   Center                   Left Wing                Right Wing               Defense                  Defense                  
   Patrice Bergeron         Milan Lucic              Jakob Silfverberg        Cam Barker               Luke Schenn              

Goaltenders
Starting : Frederik Andersen        
Backup : Mike Condon              

Extra Forwards
Normal : Chris Bourque, Gustav Nyquist, Tomas Hertl - PP : Chris Bourque, Gustav Nyquist - PK : Tomas Hertl
Extra Defensemen
Normal : Colten Teubert, Patrik Nemeth, Alexei Emelin - PP : Colten Teubert - PK : Patrik Nemeth, Alexei Emelin
Penalty Shots
Milan Lucic, Patrice Bergeron, Jakob Silfverberg, Kyle Okposo, Sean Couturier

Scratches
Matt Read (Strained Left Elbow Injury)

Blues

5 vs 5 Forward 
   Center                   Left Wing                Right Wing               Time % Phy DF OF 
 1 Nicklas Backstrom        David Perron             Jordan Eberle            40     1   2  2  
 2 Jean-Gabriel Pageau      Filip Forsberg           Sergei Shirokov          30     1   2  2  
 3 Riley Sheahan            Simon Gagné              Ryan Strome              20     1   2  2  
 4 Tomas Plekanec           Linus Omark              Steve Quailer            10     1   2  2  

5 vs 5 Defense 
   Defense                  Defense                                           Time % Phy DF OF 
 1 Alex Pietrangelo         Yann Sauvé                                        40     1   2  2  
 2 Shayne Gostisbehere      Jake Gardiner                                     30     1   2  2  
 3 Cody Ceci                Dougie Hamilton                                   20     1   2  2  
 4 Yann Sauvé               Jake Gardiner                                     10     1   2  2  

PowerPlay Forward 
   Center                   Left Wing                Right Wing               Time % Phy DF OF 
 1 Nicklas Backstrom        Filip Forsberg           Jordan Eberle            60     1   2  2  
 2 Jean-Gabriel Pageau      David Perron             Sergei Shirokov          40     1   2  2  

PowerPlay Defense
   Defense                  Defense                                           Time % Phy DF OF 
 1 Alex Pietrangelo         Jake Gardiner                                     60     1   2  2  
 2 Shayne Gostisbehere      Dougie Hamilton                                   40     1   2  2  

Penalty Kill 4 Players Forward 
   Center                   Wing                     Time % Phy DF OF 
 1 Riley Sheahan            Jordan Eberle            60     1   2  2  
 2 Jean-Gabriel Pageau      Simon Gagné              40     1   2  2  

Penalty Kill 4 Players Defense
   Defense                  Defense                  Time % Phy DF OF 
 1 Alex Pietrangelo         Cody Ceci                60     1   2  2  
 2 Jake Gardiner            Yann Sauvé               40     1   2  2  

Penalty Kill - 3 Players Forward 
   Forward                                           Time % Phy DF OF 
 1 Riley Sheahan                                     60     1   2  2  
 2 Jordan Eberle                                     40     1   2  2  

Penalty Kill - 3 Players Defense
   Defense                  Defense                  Time % Phy DF OF 
 1 Alex Pietrangelo         Cody Ceci                60     1   2  2  
 2 Jake Gardiner            Yann Sauvé               40     1   2  2  

4 vs 4 Forward 
   Center                   Wing                     Time % Phy DF OF 
 1 Nicklas Backstrom        David Perron             60     1   2  2  
 2 Jean-Gabriel Pageau      Jordan Eberle            40     1   2  2  

4 vs 4 Defense
   Defense                  Defense                  Time % Phy DF OF 
 1 Alex Pietrangelo         Cody Ceci                60     1   2  2  
 2 Jake Gardiner            Shayne Gostisbehere      40     1   2  2  

Last Minutes Offensive
   Center                   Left Wing                Right Wing               Defense                  Defense                  
   Nicklas Backstrom        David Perron             Jordan Eberle            Alex Pietrangelo         Jake Gardiner            

Last Minutes Defensive
   Center                   Left Wing                Right Wing               Defense                  Defense                  
   Riley Sheahan            Linus Omark              Jordan Eberle            Yann Sauvé               Cody Ceci                

Goaltenders
Starting : Carey Price              
Backup : Pascal Leclaire          

Extra Forwards
Normal : Jean-Gabriel Pageau, Riley Sheahan, Jordan Eberle - PP : Steve Quailer, Nicklas Backstrom - PK : Filip Forsberg
Extra Defensemen
Normal : Shayne Gostisbehere, Cody Ceci, Jake Gardiner - PP : Shayne Gostisbehere - PK : Shayne Gostisbehere, Jake Gardiner
Penalty Shots
David Perron, Jordan Eberle, Nicklas Backstrom, Filip Forsberg, Linus Omark

Scratches
Drew Shore (Broken Right Thumb Injury), D.J King (Healthy)

% Time on Ice - Rangers

Lines # - Real PCT - Wanted PCT - Time Play
Normal Forward
1 - 37% - 40% - 17:09
2 - 35% - 30% - 16:02
3 - 20% - 20% - 9:20
4 - 8% - 10% - 3:30
Normal Defense
1 - 37% - 40% - 17:09
2 - 35% - 30% - 16:03
3 - 22% - 20% - 10:08
4 - 6% - 10% - 2:41
PP Forward
1 - 41% - 60% - 2:48
2 - 59% - 40% - 4:02
PP Defense
1 - 70% - 60% - 4:45
2 - 30% - 40% - 2:05
PK Forward
1 - 69% - 60% - 4:07
2 - 31% - 40% - 1:50
PK Defense
1 - 54% - 60% - 3:11
2 - 46% - 40% - 2:46
PK3 Forward
1 - 0% - 60%
2 - 0% - 40%
PK3 Defense
1 - 0% - 60%
2 - 0% - 40%
44 Forward
1 - 0% - 60%
2 - 0% - 40%
44 Defense
1 - 0% - 60%
2 - 0% - 40%
Last Minute Offensive  - 0:00
Last Minute Defensive  - 1:12
Total
Forward - 60:00
Defense - 60:00

% Time on Ice - Blues

Lines # - Real PCT - Wanted PCT - Time Play
Normal Forward
1 - 37% - 40% - 16:59
2 - 34% - 30% - 15:49
3 - 16% - 20% - 7:14
4 - 13% - 10% - 5:56
Normal Defense
1 - 39% - 40% - 17:48
2 - 36% - 30% - 16:26
3 - 23% - 20% - 10:28
4 - 3% - 10% - 1:16
PP Forward
1 - 52% - 60% - 3:05
2 - 48% - 40% - 2:52
PP Defense
1 - 56% - 60% - 3:20
2 - 44% - 40% - 2:37
PK Forward
1 - 85% - 60% - 5:47
2 - 15% - 40% - 1:03
PK Defense
1 - 74% - 60% - 5:04
2 - 26% - 40% - 1:46
PK3 Forward
1 - 0% - 60%
2 - 0% - 40%
PK3 Defense
1 - 0% - 60%
2 - 0% - 40%
44 Forward
1 - 0% - 60%
2 - 0% - 40%
44 Defense
1 - 0% - 60%
2 - 0% - 40%
Last Minute Offensive  - 1:15
Last Minute Defensive  - 0:00
Total
Forward - 60:00
Defense - 60:00

Play-by-Play

1st period


0:01 of 1st period - Nicklas Backstrom wins face-off versus Patrice Bergeron in neutral zone.
0:04 of 1st period - Luke Schenn is hit by Nicklas Backstrom and loses puck.
0:15 of 1st period - Snap shot by David Perron.
0:15 of 1st period - Shot Blocked by Cam Barker.
0:37 of 1st period - Snap shot by James Neal.
0:37 of 1st period - Stopped by Carey Price with a rebound.
0:39 of 1st period - Slapshot by Cam Barker.
0:39 of 1st period - Shot Misses the Net.
0:58 of 1st period - Minor Penalty to Matt Greene for Tripping.
0:59 of 1st period - Nicklas Backstrom wins face-off versus Milan Lucic in Rangers zone.
1:25 of 1st period - Sergei Shirokov is hit by Luke Schenn and loses puck.
1:46 of 1st period - Luke Schenn is hit by Jordan Eberle and loses puck.
2:58 of 1st period - Penalty to Matt Greene is over, Matt Greene is back on ice.
3:05 of 1st period - Alexei Emelin is hit by Riley Sheahan and loses puck.
4:33 of 1st period - Patrice Bergeron is hit by Linus Omark and loses puck.
4:48 of 1st period - Slapshot by Alex Pietrangelo.
4:48 of 1st period - Shot Misses the Net.
4:50 of 1st period - Snap shot by Jean-Gabriel Pageau.
4:50 of 1st period - Stopped by Frederik Andersen without a rebound.
4:51 of 1st period - Jean-Gabriel Pageau wins face-off versus Tomas Hertl in Rangers zone.
4:58 of 1st period - Slapshot by Alex Pietrangelo.
4:58 of 1st period - Deflect By Cam Barker.
4:58 of 1st period - Stopped by Frederik Andersen with a rebound.
5:00 of 1st period - Snap shot by Yann Sauvé.
5:00 of 1st period - Shot Blocked by Luke Schenn.
5:02 of 1st period - Wrist shot by Sergei Shirokov.
5:02 of 1st period - Stopped by Frederik Andersen without a rebound.
5:03 of 1st period - Sean Couturier wins face-off versus Nicklas Backstrom in Rangers zone.
5:08 of 1st period - Shayne Gostisbehere is hit by Sean Couturier and loses puck.
5:31 of 1st period - Wrist shot by Jakob Silfverberg.
5:31 of 1st period - Stopped by Carey Price without a rebound.
5:32 of 1st period - Patrice Bergeron wins face-off versus Jean-Gabriel Pageau in Blues zone.
5:35 of 1st period - Slapshot by Milan Lucic.
5:35 of 1st period - Stopped by Carey Price without a rebound.
5:36 of 1st period - Patrice Bergeron wins face-off versus Nicklas Backstrom in Blues zone.
5:41 of 1st period - Wrist shot by Milan Lucic.
5:41 of 1st period - Shot Misses the Net.
6:25 of 1st period - Snap shot by Gustav Nyquist.
6:25 of 1st period - Stopped by Carey Price with a rebound.
6:27 of 1st period - Wrist shot by Gustav Nyquist.
6:27 of 1st period - Shot Blocked by Shayne Gostisbehere.
6:29 of 1st period - Slapshot by Gustav Nyquist.
6:29 of 1st period - Deflect By Chris Bourque.
6:29 of 1st period - Shot Blocked by Shayne Gostisbehere.
6:29 of 1st period - Puck is out of play.
6:30 of 1st period - Tomas Hertl wins face-off versus Jordan Eberle in Blues zone.
7:15 of 1st period - Minor Penalty to Simon Gagné for Holding.
7:16 of 1st period - Jordan Eberle wins face-off versus Patrice Bergeron in Blues zone.
7:24 of 1st period - Alex Pietrangelo is hit by Milan Lucic and loses puck.
7:43 of 1st period - Alex Pietrangelo is hit by Cam Barker and loses puck.
7:50 of 1st period - Wrist shot by James Neal.
7:50 of 1st period - Shot Blocked by Alex Pietrangelo.
8:44 of 1st period - Snap shot by Jake Gardiner.
8:44 of 1st period - Shot Misses the Net.
9:15 of 1st period - Penalty to Simon Gagné is over, Simon Gagné is back on ice.
9:29 of 1st period - Wrist shot by Riley Sheahan.
9:29 of 1st period - Shot Misses the Net.
9:35 of 1st period - Yann Sauvé is hit by Gustav Nyquist and loses puck.
9:52 of 1st period - Colten Teubert is hit by Steve Quailer.
9:56 of 1st period - Snap shot by Linus Omark.
9:56 of 1st period - Shot Misses the Net.
9:58 of 1st period - Snap shot by Yann Sauvé.
9:58 of 1st period - Shot Misses the Net.
10:00 of 1st period - Wrist shot by Linus Omark.
10:00 of 1st period - Shot Misses the Net.
11:45 of 1st period - Icing by Shayne Gostisbehere.
11:46 of 1st period - Nicklas Backstrom wins face-off versus Chris Bourque in Blues zone.
11:51 of 1st period - Slapshot by Alex Pietrangelo.
11:51 of 1st period - Deflect By Linus Omark.
11:51 of 1st period - Shot Misses the Net.
11:51 of 1st period - Puck is out of play.
11:52 of 1st period - Tomas Hertl wins face-off versus Linus Omark in Rangers zone.
12:28 of 1st period - Wrist shot by Milan Lucic.
12:28 of 1st period - Stopped by Carey Price without a rebound.
12:29 of 1st period - Patrice Bergeron wins face-off versus Jean-Gabriel Pageau in Blues zone.
12:38 of 1st period - Snap shot by Jean-Gabriel Pageau.
12:38 of 1st period - Shot Misses the Net.
13:07 of 1st period - Wrist shot by Jordan Eberle.
13:07 of 1st period - Stopped by Frederik Andersen with a rebound.
13:19 of 1st period - Backhand shot by Simon Gagné.
13:19 of 1st period - Stopped by Frederik Andersen with a rebound.
13:21 of 1st period - Slapshot by Jake Gardiner.
13:21 of 1st period - Stopped by Frederik Andersen without a rebound.
13:22 of 1st period - Tomas Hertl wins face-off versus Jean-Gabriel Pageau in Rangers zone.
13:27 of 1st period - Slapshot by Chris Bourque.
13:27 of 1st period - Shot Blocked by Filip Forsberg.
13:29 of 1st period - Backhand shot by Gustav Nyquist.
13:29 of 1st period - Deflect By Tomas Hertl.
13:29 of 1st period - Deflect By Sergei Shirokov.
13:29 of 1st period - Goal by Tomas Hertl - Rangers : 1 - Blues : 0.
13:30 of 1st period - Patrice Bergeron wins face-off versus Nicklas Backstrom in neutral zone.
13:58 of 1st period - Off-side.
13:59 of 1st period - Sean Couturier wins face-off versus Jean-Gabriel Pageau in neutral zone.
14:12 of 1st period - Snap shot by Jean-Gabriel Pageau.
14:12 of 1st period - Stopped by Frederik Andersen with a rebound.
14:16 of 1st period - Slapshot by Sergei Shirokov.
14:16 of 1st period - Stopped by Frederik Andersen without a rebound.
14:17 of 1st period - Nicklas Backstrom wins face-off versus Milan Lucic in Rangers zone.
14:38 of 1st period - Nicklas Backstrom is hit by Jakob Silfverberg and loses puck.
14:48 of 1st period - Off-side.
14:49 of 1st period - Sean Couturier wins face-off versus Jean-Gabriel Pageau in neutral zone.
15:25 of 1st period - Cam Barker is hit by David Perron and loses puck.
15:43 of 1st period - Icing by Alex Pietrangelo.
15:44 of 1st period - Riley Sheahan wins face-off versus Patrice Bergeron in Blues zone.
15:53 of 1st period - Slapshot by Alex Pietrangelo.
15:53 of 1st period - Shot Misses the Net.
15:55 of 1st period - Slapshot by Alex Pietrangelo.
15:55 of 1st period - Shot Blocked by Patrik Nemeth.
16:05 of 1st period - Wrist shot by Riley Sheahan.
16:05 of 1st period - Shot Misses the Net.
16:07 of 1st period - Wrist shot by Riley Sheahan.
16:07 of 1st period - Shot Blocked by Patrice Bergeron.
16:23 of 1st period - Wrist shot by Riley Sheahan.
16:23 of 1st period - Shot Blocked by Patrik Nemeth.
16:25 of 1st period - Snap shot by Ryan Strome.
16:25 of 1st period - Shot Misses the Net.
16:29 of 1st period - Snap shot by Riley Sheahan.
16:29 of 1st period - Stopped by Frederik Andersen with a rebound.
16:31 of 1st period - Snap shot by Riley Sheahan.
16:31 of 1st period - Shot Blocked by Patrik Nemeth.
16:33 of 1st period - Snap shot by Riley Sheahan.
16:33 of 1st period - Stopped by Frederik Andersen with a rebound.
16:35 of 1st period - Wrist shot by Riley Sheahan.
16:35 of 1st period - Shot Misses the Net.
16:37 of 1st period - Snap shot by Yann Sauvé.
16:37 of 1st period - Shot Misses the Net.
16:53 of 1st period - Wrist shot by Riley Sheahan.
16:53 of 1st period - Stopped by Frederik Andersen with a rebound.
16:57 of 1st period - Slapshot by Riley Sheahan.
16:57 of 1st period - Stopped by Frederik Andersen with a rebound.
16:59 of 1st period - Wrist shot by Simon Gagné.
16:59 of 1st period - Deflect By Riley Sheahan.
16:59 of 1st period - Shot Blocked by Colten Teubert.
16:59 of 1st period - Puck is out of play.
17:00 of 1st period - Sean Couturier wins face-off versus Nicklas Backstrom in Rangers zone.
17:00 of 1st period - Sean Couturier is hit by David Perron.
17:28 of 1st period - Slapshot by Gustav Nyquist.
17:28 of 1st period - Shot Blocked by Shayne Gostisbehere.
17:30 of 1st period - Slapshot by Cam Barker.
17:30 of 1st period - Shot Misses the Net.
17:32 of 1st period - Snap shot by Chris Bourque.
17:32 of 1st period - Stopped by Carey Price without a rebound.
17:33 of 1st period - Tomas Hertl wins face-off versus Nicklas Backstrom in Blues zone.
18:00 of 1st period - Matt Greene is hit by Cody Ceci and loses puck.
18:07 of 1st period - Snap shot by Linus Omark.
18:07 of 1st period - Shot Misses the Net.
18:13 of 1st period - Snap shot by Linus Omark.
18:13 of 1st period - Shot Misses the Net.
18:40 of 1st period - Icing by Mark Fistric.
18:41 of 1st period - Nicklas Backstrom wins face-off versus Maxime Sauvé in Rangers zone.
19:02 of 1st period - Minor Penalty to Yann Sauvé for Hooking.
19:03 of 1st period - Patrice Bergeron wins face-off versus Riley Sheahan in Blues zone.
19:08 of 1st period - Snap shot by Milan Lucic.
19:08 of 1st period - Shot Misses the Net.
19:10 of 1st period - Backhand shot by Patrice Bergeron.
19:10 of 1st period - Shot Misses the Net.
19:12 of 1st period - Slapshot by Luke Schenn.
19:12 of 1st period - Shot Misses the Net.
19:14 of 1st period - Snap shot by Milan Lucic.
19:14 of 1st period - Deflect By Jakob Silfverberg.
19:14 of 1st period - Shot Misses the Net.
19:14 of 1st period - Puck is out of play.
19:15 of 1st period - Riley Sheahan wins face-off versus Patrice Bergeron in Blues zone.
19:28 of 1st period - Jordan Eberle is hit by Patrice Bergeron and loses puck.
19:49 of 1st period - Wrist shot by Sean Couturier.
19:49 of 1st period - Stopped by Carey Price with a rebound.
19:51 of 1st period - Slapshot by Mark Fistric.
19:51 of 1st period - Shot Misses the Net.
19:53 of 1st period - Snap shot by Sean Couturier.
19:53 of 1st period - Stopped by Carey Price with a rebound.
19:55 of 1st period - Slapshot by Matt Greene.
19:55 of 1st period - Goal by Matt Greene - Rangers : 2 - Blues : 0.
19:56 of 1st period - Jean-Gabriel Pageau wins face-off versus Patrice Bergeron in neutral zone.
Goals for this period are 2 for Rangers vs 0 for Blues.
Shots for this period are 10 for Rangers vs 12 for Blues.

2nd period


0:01 of 2nd period - Patrice Bergeron wins face-off versus David Perron in neutral zone.
0:12 of 2nd period - Wrist shot by Jakob Silfverberg.
0:12 of 2nd period - Stopped by Carey Price with a rebound.
0:14 of 2nd period - Snap shot by Patrice Bergeron.
0:14 of 2nd period - Stopped by Carey Price without a rebound.
0:15 of 2nd period - Jean-Gabriel Pageau wins face-off versus Milan Lucic in Blues zone.
0:20 of 2nd period - Jakob Silfverberg is hit by Filip Forsberg and loses puck.
0:29 of 2nd period - Snap shot by Sergei Shirokov.
0:29 of 2nd period - Shot Misses the Net.
0:31 of 2nd period - Slapshot by Yann Sauvé.
0:31 of 2nd period - Deflect By Filip Forsberg.
0:31 of 2nd period - Stopped by Frederik Andersen without a rebound.
0:32 of 2nd period - Sean Couturier wins face-off versus Nicklas Backstrom in Rangers zone.
0:32 of 2nd period - Sean Couturier is hit by Nicklas Backstrom.
0:48 of 2nd period - Wrist shot by Jordan Eberle.
0:48 of 2nd period - Shot Misses the Net.
0:58 of 2nd period - Dougie Hamilton is hit by Milan Lucic and loses puck.
1:39 of 2nd period - Tomas Hertl is hit by Ryan Strome and loses puck.
2:53 of 2nd period - Jean-Gabriel Pageau is hit by Tomas Hertl and loses puck.
3:06 of 2nd period - Snap shot by Chris Bourque.
3:06 of 2nd period - Stopped by Carey Price with a rebound.
3:13 of 2nd period - Icing by Shayne Gostisbehere.
3:14 of 2nd period - Patrice Bergeron wins face-off versus Jean-Gabriel Pageau in Blues zone.
3:44 of 2nd period - Slapshot by Jake Gardiner.
3:44 of 2nd period - Shot Blocked by Chris Bourque.
4:04 of 2nd period - Slapshot by Jean-Gabriel Pageau.
4:04 of 2nd period - Stopped by Frederik Andersen without a rebound.
4:05 of 2nd period - Patrice Bergeron wins face-off versus Nicklas Backstrom in Rangers zone.
4:37 of 2nd period - Wrist shot by Sean Couturier.
4:37 of 2nd period - Stopped by Carey Price with a rebound.
4:39 of 2nd period - Slapshot by James Neal.
4:39 of 2nd period - Shot Blocked by Dougie Hamilton.
4:41 of 2nd period - Wrist shot by James Neal.
4:41 of 2nd period - Stopped by Carey Price with a rebound.
4:43 of 2nd period - Slapshot by Cam Barker.
4:43 of 2nd period - Shot Misses the Net.
5:01 of 2nd period - Icing by Ryan Strome.
5:02 of 2nd period - Tomas Plekanec wins face-off versus Tomas Hertl in Blues zone.
5:17 of 2nd period - Wrist shot by Linus Omark.
5:17 of 2nd period - Shot Misses the Net.
5:29 of 2nd period - Slapshot by Chris Bourque.
5:29 of 2nd period - Shot Misses the Net.
5:37 of 2nd period - Chris Bourque is hit by David Perron and loses puck.
6:19 of 2nd period - Off-side.
6:20 of 2nd period - Nicklas Backstrom wins face-off versus Patrice Bergeron in neutral zone.
6:47 of 2nd period - Sean Couturier is hit by Filip Forsberg.
7:07 of 2nd period - Slapshot by Matt Greene.
7:07 of 2nd period - Deflect By Tomas Hertl.
7:07 of 2nd period - Shot Misses the Net.
7:07 of 2nd period - Puck is out of play.
7:08 of 2nd period - Tomas Hertl wins face-off versus Riley Sheahan in Blues zone.
7:08 of 2nd period - Minor Penalty to Chris Bourque for Slashing.
7:09 of 2nd period - Milan Lucic wins face-off versus Nicklas Backstrom in Rangers zone.
7:46 of 2nd period - Wrist shot by Jean-Gabriel Pageau.
7:46 of 2nd period - Stopped by Frederik Andersen with a rebound.
8:14 of 2nd period - Slapshot by Mark Fistric.
8:14 of 2nd period - Deflect By Shayne Gostisbehere.
8:14 of 2nd period - Stopped by Carey Price with a rebound.
9:08 of 2nd period - Penalty to Chris Bourque is over, Chris Bourque is back on ice.
9:19 of 2nd period - Minor Penalty to Chris Bourque for Tripping.
9:20 of 2nd period - Milan Lucic wins face-off versus Nicklas Backstrom in Rangers zone.
11:19 of 2nd period - Penalty to Chris Bourque is over, Chris Bourque is back on ice.
12:09 of 2nd period - Wrist shot by Chris Bourque.
12:09 of 2nd period - Stopped by Carey Price without a rebound.
12:10 of 2nd period - Tomas Plekanec wins face-off versus Tomas Hertl in Blues zone.
12:25 of 2nd period - Slapshot by Tomas Hertl.
12:25 of 2nd period - Stopped by Carey Price with a rebound.
12:35 of 2nd period - Patrik Nemeth is hit by Simon Gagné and loses puck.
12:54 of 2nd period - Kyle Okposo is hit by Yann Sauvé and loses puck.
13:45 of 2nd period - James Neal is hit by Shayne Gostisbehere and loses puck.
14:00 of 2nd period - Patrice Bergeron is hit by Simon Gagné and loses puck.
15:13 of 2nd period - Off-side.
15:14 of 2nd period - Patrice Bergeron wins face-off versus Nicklas Backstrom in neutral zone.
15:33 of 2nd period - Minor Penalty to Alex Pietrangelo for Boarding.
15:34 of 2nd period - Jordan Eberle wins face-off versus Patrice Bergeron in Blues zone.
15:34 of 2nd period - Jordan Eberle is hit by Cam Barker.
16:50 of 2nd period - Kyle Okposo is hit by Filip Forsberg.
17:33 of 2nd period - Penalty to Alex Pietrangelo is over, Alex Pietrangelo is back on ice.
17:59 of 2nd period - Snap shot by Sergei Shirokov.
17:59 of 2nd period - Stopped by Frederik Andersen with a rebound.
18:25 of 2nd period - Tomas Hertl is hit by Nicklas Backstrom and loses puck.
18:54 of 2nd period - Matt Greene is hit by Tomas Plekanec and loses puck.
19:01 of 2nd period - Snap shot by Linus Omark.
19:01 of 2nd period - Stopped by Frederik Andersen with a rebound.
19:03 of 2nd period - Wrist shot by Tomas Plekanec.
19:03 of 2nd period - Shot Misses the Net.
19:26 of 2nd period - Colten Teubert is hit by Nicklas Backstrom and loses puck.
19:50 of 2nd period - Icing by James Neal.
19:51 of 2nd period - Riley Sheahan wins face-off versus Sean Couturier in Rangers zone.
19:52 of 2nd period - Slapshot by Alex Pietrangelo.
19:52 of 2nd period - Stopped by Frederik Andersen with a rebound.
Goals for this period are 0 for Rangers vs 0 for Blues.
Shots for this period are 8 for Rangers vs 6 for Blues.

3rd period


0:01 of 3rd period - Patrice Bergeron wins face-off versus Nicklas Backstrom in neutral zone.
0:13 of 3rd period - Slapshot by Cam Barker.
0:13 of 3rd period - Shot Blocked by David Perron.
0:15 of 3rd period - Wrist shot by Jakob Silfverberg.
0:15 of 3rd period - Stopped by Carey Price without a rebound.
0:16 of 3rd period - Jean-Gabriel Pageau wins face-off versus Sean Couturier in Blues zone.
0:31 of 3rd period - Snap shot by Filip Forsberg.
0:31 of 3rd period - Shot Misses the Net.
1:52 of 3rd period - Wrist shot by Filip Forsberg.
1:52 of 3rd period - Deflect By Sergei Shirokov.
1:52 of 3rd period - Goal by Sergei Shirokov - Rangers : 2 - Blues : 1.
1:53 of 3rd period - Patrice Bergeron wins face-off versus Nicklas Backstrom in neutral zone.
2:29 of 3rd period - Snap shot by James Neal.
2:29 of 3rd period - Shot Hit the Post.
3:08 of 3rd period - Slapshot by Dougie Hamilton.
3:08 of 3rd period - Shot Blocked by Colten Teubert.
3:10 of 3rd period - Snap shot by Shayne Gostisbehere.
3:10 of 3rd period - Stopped by Frederik Andersen without a rebound.
3:11 of 3rd period - Patrice Bergeron wins face-off versus Steve Quailer in Rangers zone.
3:24 of 3rd period - Snap shot by Milan Lucic.
3:24 of 3rd period - Shot Misses the Net.
3:38 of 3rd period - Snap shot by Tomas Plekanec.
3:38 of 3rd period - Stopped by Frederik Andersen with a rebound.
3:42 of 3rd period - Wrist shot by Linus Omark.
3:42 of 3rd period - Stopped by Frederik Andersen with a rebound.
3:44 of 3rd period - Slapshot by Jake Gardiner.
3:44 of 3rd period - Shot Blocked by Mark Fistric.
3:46 of 3rd period - Backhand shot by Jake Gardiner.
3:46 of 3rd period - Shot Hit the Post.
3:48 of 3rd period - Backhand shot by Linus Omark.
3:48 of 3rd period - Stopped by Frederik Andersen with a rebound.
4:11 of 3rd period - Snap shot by Linus Omark.
4:11 of 3rd period - Stopped by Frederik Andersen without a rebound.
4:12 of 3rd period - Nicklas Backstrom wins face-off versus Patrice Bergeron in Rangers zone.
4:39 of 3rd period - Kyle Okposo is hit by Yann Sauvé and loses puck.
4:46 of 3rd period - Backhand shot by Luke Schenn.
4:46 of 3rd period - Stopped by Carey Price without a rebound.
4:47 of 3rd period - Jean-Gabriel Pageau wins face-off versus Milan Lucic in Blues zone.
5:02 of 3rd period - Wrist shot by Milan Lucic.
5:02 of 3rd period - Shot Misses the Net.
5:20 of 3rd period - Wrist shot by Jordan Eberle.
5:20 of 3rd period - Shot Misses the Net.
5:22 of 3rd period - Snap shot by Nicklas Backstrom.
5:22 of 3rd period - Shot Misses the Net.
5:24 of 3rd period - Slapshot by Dougie Hamilton.
5:24 of 3rd period - Stopped by Frederik Andersen without a rebound.
5:25 of 3rd period - Patrice Bergeron wins face-off versus Jean-Gabriel Pageau in Rangers zone.
6:10 of 3rd period - Kyle Okposo is hit by Jordan Eberle and loses puck.
6:38 of 3rd period - Wrist shot by David Perron.
6:38 of 3rd period - Shot Blocked by Cam Barker.
6:44 of 3rd period - Wrist shot by David Perron.
6:44 of 3rd period - Stopped by Frederik Andersen with a rebound.
7:10 of 3rd period - Snap shot by Kyle Okposo.
7:10 of 3rd period - Stopped by Carey Price with a rebound.
7:20 of 3rd period - Wrist shot by Kyle Okposo.
7:20 of 3rd period - Stopped by Carey Price with a rebound.
7:22 of 3rd period - Wrist shot by James Neal.
7:22 of 3rd period - Stopped by Carey Price with a rebound.
7:24 of 3rd period - Wrist shot by Kyle Okposo.
7:24 of 3rd period - Stopped by Carey Price with a rebound.
7:26 of 3rd period - Snap shot by Luke Schenn.
7:26 of 3rd period - Shot Misses the Net.
7:28 of 3rd period - Wrist shot by James Neal.
7:28 of 3rd period - Shot Misses the Net.
7:30 of 3rd period - Slapshot by Luke Schenn.
7:30 of 3rd period - Deflect By Kyle Okposo.
7:30 of 3rd period - Shot Hit the Post.
7:30 of 3rd period - Puck is out of play.
7:31 of 3rd period - Patrice Bergeron wins face-off versus Jean-Gabriel Pageau in Blues zone.
7:48 of 3rd period - Wrist shot by Jean-Gabriel Pageau.
7:48 of 3rd period - Shot Blocked by Matt Greene.
8:32 of 3rd period - Wrist shot by Jake Gardiner.
8:32 of 3rd period - Shot Blocked by Patrice Bergeron.
9:29 of 3rd period - Slapshot by Jean-Gabriel Pageau.
9:29 of 3rd period - Shot Misses the Net.
10:51 of 3rd period - Slapshot by Jake Gardiner.
10:51 of 3rd period - Stopped by Frederik Andersen with a rebound.
11:11 of 3rd period - Jake Gardiner is hit by Mark Fistric and loses puck.
11:51 of 3rd period - Slapshot by Sergei Shirokov.
11:51 of 3rd period - Stopped by Frederik Andersen with a rebound.
12:26 of 3rd period - Jakob Silfverberg is hit by Jean-Gabriel Pageau and loses puck.
12:49 of 3rd period - Wrist shot by Milan Lucic.
12:49 of 3rd period - Shot Misses the Net.
12:51 of 3rd period - Slapshot by Mark Fistric.
12:51 of 3rd period - Shot Misses the Net.
12:53 of 3rd period - Backhand shot by Milan Lucic.
12:53 of 3rd period - Stopped by Carey Price without a rebound.
12:54 of 3rd period - Nicklas Backstrom wins face-off versus Sean Couturier in Blues zone.
13:01 of 3rd period - Slapshot by James Neal.
13:01 of 3rd period - Stopped by Carey Price with a rebound.
13:03 of 3rd period - Snap shot by Luke Schenn.
13:03 of 3rd period - Shot Blocked by Jordan Eberle.
13:05 of 3rd period - Wrist shot by James Neal.
13:05 of 3rd period - Shot Blocked by David Perron.
13:07 of 3rd period - Slapshot by Cam Barker.
13:07 of 3rd period - Stopped by Carey Price without a rebound.
13:08 of 3rd period - Sean Couturier wins face-off versus Nicklas Backstrom in Blues zone.
13:29 of 3rd period - Minor Penalty to Yann Sauvé for Hooking.
13:30 of 3rd period - Sean Couturier wins face-off versus Riley Sheahan in Blues zone.
13:31 of 3rd period - Wrist shot by Kyle Okposo.
13:31 of 3rd period - Shot Misses the Net.
13:33 of 3rd period - Backhand shot by Sean Couturier.
13:33 of 3rd period - Shot Misses the Net.
15:29 of 3rd period - Penalty to Yann Sauvé is over, Yann Sauvé is back on ice.
15:36 of 3rd period - Snap shot by Yann Sauvé.
15:36 of 3rd period - Stopped by Frederik Andersen with a rebound.
16:12 of 3rd period - Slapshot by Colten Teubert.
16:12 of 3rd period - Stopped by Carey Price without a rebound.
16:13 of 3rd period - Sean Couturier wins face-off versus Nicklas Backstrom in Blues zone.
16:22 of 3rd period - James Neal is hit by David Perron and loses puck.
16:29 of 3rd period - Nicklas Backstrom is hit by James Neal and loses puck.
18:04 of 3rd period - Maxime Sauvé is hit by Tomas Plekanec and loses puck.
18:51 of 3rd period - Snap shot by Cam Barker.
18:51 of 3rd period - Deflect By Jordan Eberle.
18:51 of 3rd period - Shot Misses the Net.
18:51 of 3rd period - Puck is out of play.
18:52 of 3rd period - Claude Julien call a timeout for Blues.
18:52 of 3rd period - Tomas Plekanec wins face-off versus Patrik Nemeth in Blues zone.
18:57 of 3rd period - Blues, Carey Price is pulled from the net.
19:05 of 3rd period - Chris Bourque is hit by Tomas Plekanec and loses puck.
19:10 of 3rd period - Snap shot by Jordan Eberle.
19:10 of 3rd period - Shot Misses the Net.
19:12 of 3rd period - Snap shot by Cody Ceci.
19:12 of 3rd period - Shot Blocked by Gustav Nyquist.
19:14 of 3rd period - Backhand shot by Dougie Hamilton.
19:14 of 3rd period - Shot Blocked by Alexei Emelin.
19:16 of 3rd period - Slapshot by Cody Ceci.
19:16 of 3rd period - Stopped by Frederik Andersen with a rebound.
19:18 of 3rd period - Backhand shot by Cody Ceci.
19:18 of 3rd period - Deflect By Jordan Eberle.
19:18 of 3rd period - Shot Blocked by James Neal.
19:18 of 3rd period - Puck is out of play.
19:19 of 3rd period - Patrik Nemeth wins face-off versus Tomas Plekanec in Rangers zone.
Goals for this period are 0 for Rangers vs 1 for Blues.
Shots for this period are 10 for Rangers vs 12 for Blues.